 Dungeon Crawl Stone Soup version 0.31.0-11-ge490571c62 (webtiles) character file.

Game seed: 1528975552286540248

267 hawla the Conjurer (level 6, -2/32 HPs)
             Began as a Deep Elf Fire Elementalist on Jan 29, 2024.
             Slain by an orc
             ... wielding a +0 war axe
              (7 damage)
             ... on level 4 of the Dungeon.
             The game lasted 00:07:44 (3722 turns).

hawla the Conjurer (Deep Elf Fire Elementalist)     Turns: 3722, Time: 00:07:45

Health: -2/32      AC:  3    Str:  4 (5)  XL:     6   Next: 0%
Magic:  0/12       EV: 13    Int: 21 (22) God:
Gold:   161        SH:  0    Dex: 12 (15) Spells: 4/11 levels left

rFire   . . .        (no weapon)
rCold   + . .        (no shield)
rNeg    . . .        a - +0 robe
rPois   +            (no helmet)
rElec   .            j - scarf {repulsion}
rCorr   .            (no gloves)
SInv    .            g - +0 pair of boots
Will    .....        (no amulet)
Stlth   ++           (no ring)
HPRegen 0.25/turn    (no ring)
MPRegen 0.13/turn

%: repel missiles
@: attractive
A: cold resistance 1, poison resistance
a: no special abilities


You were on level 4 of the Dungeon.
You visited 1 branch of the dungeon, and saw 4 of its levels.

You collected 161 gold pieces.

Inventory:

Armour
 a - a +0 robe (worn)
 g - a +0 pair of boots (worn)
 j - a scarf of repulsion (worn)
Jewellery
 b - a ring of resist corrosion
 d - a +4 ring of protection
Scrolls
 h - a scroll of torment
 l - a scroll of amnesia
Potions
 i - a potion of degeneration
 k - a potion of attraction


   Skills:
 - Level 4.0 Dodging
 - Level 2.4 Stealth
 - Level 3.0 Spellcasting
 + Level 5.9 Conjurations
 - Level 3.2 Fire Magic


You had 4 spell levels left.
You knew the following spells:

 Your Spells              Type           Power      Damage    Failure   Level
a - Foxfire               Conj/Fire      88%        2x1d8     1%          1
b - Scorch                Fire           32%        2d6       5%          2
c - Flame Wave            Conj/Fire      22%        2d8       21%         4

Your spell library contained the following spells:

 Spells                   Type           Power      Damage    Failure   Level
 Kiss of Death            Conj/Necr      60%        2d10      4%          1
 Hailstorm                Conj/Ice       15%        3d6       12%         3
 Stone Arrow              Conj/Erth      30%        3d8       12%         3
 Sandblast                Erth           6%         2d5       13%         1
 Call Imp                 Summ           6%         N/A       21%         2
 Sublimation of Blood     Necr           3%         N/A       21%         2
 Inner Flame              Hex/Fire       10%        N/A       21%         3
 Volatile Blastmotes      Fire/Tloc      20%        2d11      21%         3
 Passwall                 Erth           3%         N/A       36%         3
 Summon Ice Beast         Ice/Summ       3%         N/A       36%         3
 Brom's Barrelling Bould  Conj/Erth      15%        2d4       36%         4
 Animate Dead             Necr           3%         N/A       78%         4
 Petrify                  Alch/Erth      3%         N/A       78%         4
 Irradiate                Conj/Alch      7%         3d14      73%         5
 Sculpt Simulacrum        Ice/Alch       1%         N/A       100%        6
 Haunt                    Necr/Summ      1%         N/A       100%        7


Dungeon Overview and Level Annotations

Branches:
Dungeon (4/15)
 Temple: D:4-7

Altars:
Makhleb
Wu Jian
Zin


Innate Abilities, Weirdness & Mutations

Your flesh is cold resistant. (rC+)
Your system is resistant to poisons. (rPois)


Message History

The orc priest is heavily wounded.
The foxfire hits the orc but does no damage.
The orc is heavily wounded.
The orc hits you with a +0 short sword. The orc priest barely misses you.
The endoplasm is attracted toward you.
As you read the scroll of teleportation, it crumbles to dust.
You feel strangely unstable.
The orc priest invokes the aid of Beogh against you.
You struggle to resist.
The orc barely misses you.
Your magical contamination has completely faded away.
Your surroundings suddenly seem different.
The orc is attracted toward you.
Unknown command.
You barely miss something. The orc closely misses you. Something hits you.
You closely miss something. The orc completely misses you.
Something completely misses you.
Casting: Foxfire (safe; 1% risk of failure)
Confirm with . or Enter, or press ? or * to list all spells.
You conjure some foxfire!
You hear some strange, mumbled words.
Something tries to affect you, but you resist.
The orc hits you with a +0 war axe!
* * * LOW HITPOINT WARNING * * *
The orc hits your foxfire with a +0 war axe.
You hit something.
Reactivating autopickup.
You feel a bit more experienced.
The foxfire hits the orc but does no damage.
The orc is lightly wounded.
The foxfire hits the orc but does no damage.
The orc is lightly wounded.
The orc closely misses you.
You have reached level 6!
Okay, then.
Okay, then.
As you read the scroll of torment, it crumbles to dust.
Your body is wracked with pain!
* * * LOW HITPOINT WARNING * * *
The orc convulses!
The orc hits you with a +0 war axe!
You die...

# #. .. ###### #.
#.##.# # #A#.8#
#.##....####.. ###..##
#............ #....'.
#........#.### #....#.
#...........#. #_..8##
#......ยง.#.#.##
######. #?..)@)##.#.<##
###. ###...o##.#.#.#
#...
............#.#####.#.
#####..).............#.
#.#.##.###.#######.
#.#........# #.
#.####.##### #. #. ...
#. #[# ..


You could see an orc.

Vanquished Creatures
  An ogre (D:4)
  A bombardier beetle (D:3)
  Jessica (D:2)
  An orc wizard (D:4)
  3 gnolls (D:3)
  2 adders (D:2)
  4 orcs (D:4)
  9 bats
  4 endoplasms
  3 goblins
  5 hobgoblins
  2 jackals (D:3)
  4 quokkas
  10 ball pythons
  7 kobolds
  3 rats (D:1)
60 creatures vanquished.

Vanquished Creatures (others)
  114 foxfires
114 creatures vanquished.

Grand Total: 174 creatures vanquished

Notes
Turn   | Place    | Note
-------+----------+-------------------------------------------
     0 | D:1      | hawla the Deep Elf Fire Elementalist began the quest for
                  | the Orb.
     0 | D:1      | Reached XP level 1. HP: 10/10 MP: 6/6
   340 | D:1      | Reached XP level 2. HP: 15/15 MP: 2/8
   802 | D:1      | Learned a level 2 spell: Scorch
  1343 | D:2      | Noticed Jessica
  1348 | D:2      | Killed Jessica
  1349 | D:2      | Reached skill level 2 in Conjurations
  1349 | D:2      | Reached XP level 3. HP: 12/19 MP: 5/9
  1688 | D:2      | Reached skill level 3 in Conjurations
  1789 | D:2      | Reached XP level 4. HP: 24/24 MP: 5/10
  2439 | D:2      | Got Qeag's Volume of the Ghastly Comitatus
  2519 | D:3      | Identified the +2 leather armour of the Unbroken {rPois rC+
                  | Str+4 Dex-2}
  2570 | D:3      | Learned a level 4 spell: Flame Wave
  2594 | D:3      | Reached skill level 4 in Conjurations
  2662 | D:3      | Identified the +8 eveningstar "Voosm" {pain, rElec}
  2733 | D:3      | Found a burning altar of Makhleb.
  2971 | D:3      | Found an ornate altar of the Wu Jian Council.
  2990 | D:3      | Reached XP level 5. HP: 28/28 MP: 4/11
  3554 | D:4      | Noticed an ogre
  3560 | D:4      | Killed an ogre
  3561 | D:4      | Reached skill level 5 in Conjurations
  3574 | D:4      | Gained mutation: Your flesh is cold resistant. (rC+)
                  | [potion of mutation]
  3574 | D:4      | Gained mutation: You do not regenerate when monsters are
                  | visible. [potion of mutation]
  3574 | D:4      | Lost mutation: You do not regenerate when monsters are
                  | visible. [potion of mutation]
  3574 | D:4      | Gained mutation: Your system is resistant to poisons.
                  | (rPois) [potion of mutation]
  3674 | D:4      | Noticed an angel
  3675 | D:4      | Found a glowing silver altar of Zin.
  3722 | D:4      | Reached XP level 6. HP: 5/32 MP: 0/12
  3722 | D:4      | Slain by an orc

Illustrated notes

Levels and vault maps discovered:
D:1:      wander_arrival_peaceful_grave, layout_basic
D:2:      layout_basic, minmay_randomly_rotated_circles, uniq_jessica
D:3:      layout_loops_ring, overflow_temple_1_default,
          nzn_wu_jian_contemplation
D:4:      layout_loops_ring, zin_angel, uniq_menkaure

Skill      XL: |  1  2  3  4  5 |
---------------+----------------+-----
Dodging        | 3 4 |  4.0
Conjurations   | 2 3 4 5 |  5.9
Stealth        | |  2.4
Spellcasting   | |  3.0
Fire Magic     | |  3.2

Action                     |  1- 3 |  4- 6 || total
---------------------------+-------+-------++-------
  Melee: Unarmed           |     6 |     5 ||    11
   Cast: Foxfire           |    40 |    26 ||    66
         Scorch            |     3 |    16 ||    19
         Flame Wave        |       |     2 ||     2
    Use: Scroll            |     4 |     8 ||    12
         Potion            |       |     7 ||     7
 Armour: Robe              |     4 |    25 ||    29
  Dodge: Dodged            |     5 |    24 ||    29
